 Dungeon Crawl Stone Soup version 0.15.1-3-g1b33baa (webtiles) character file.

189 Kex the Ruffian (level 5, -5/41 HPs)
             Began as a Draconian Transmuter on Oct 5, 2014.
             Slain by a gnoll
             ... wielding a +0 whip
              (8 damage)
             ... on Level 2 of the Dungeon.
             The game lasted 00:14:31 (3525 turns).

Kex the Ruffian (Draconian Transmuter)              Turns: 3525, Time: 00:14:32

HP  -5/41        AC  5     Str 13      XL: 5   Next: 40%
MP   5/11        EV 12     Int 13      God:
Gold 86          SH  0     Dex 12      Spells:  2 memorised,  6 levels left

rFire  . . .     SeeInvis .     q - -3 dagger (curse)
rCold  . . .     Clarity  +     (armour unavailable)
rNeg   + . .     rCorr    .     (no shield)
rPois  +         rRot     .     (helmet restricted)
rElec  .         Spirit   .     (no cloak)
SustAb .         Warding  .     (no gloves)
rMut   .         Stasis   .     (no boots)
Gourm  .                        f - amulet of clarity
MR     .....                    v - ring of positive energy
                                k - ring of poison resistance

@: appendage, very slightly contaminated, not resistant to hostile enchantments,
very unstealthy
A: unfitting armour, horns 2, cold-blooded, AC +5
a: End Transformation


You were on level 2 of the Dungeon.
You were near starving.
You had grown temporary horns.
You visited 1 branch of the dungeon, and saw 3 of its levels.

You collected 86 gold pieces.

Inventory:

Hand weapons
 q - a cursed -3 dagger (weapon)
Missiles
 b - 43 arrows
 h - 20 arrows of dispersal
Comestibles
 a - 4 bread rations
 u - a beef jerky
Scrolls
 g - a scroll of fog {unknown}
 i - a scroll of recharging {unknown}
 j - a scroll of teleportation {unknown}
 m - a scroll of enchant weapon {unknown}
 o - a scroll of noise {unknown}
 w - a scroll of magic mapping {unknown}
 x - a scroll of immolation {unknown}
 y - a scroll of enchant armour {unknown}
Jewellery
 f - an amulet of clarity (around neck)
 k - a ring of poison resistance (left hand)
 v - a ring of positive energy (right hand)
Potions
 e - 2 potions of poison {unknown}
 l - a potion of might {unknown}
 p - 2 potions of restore abilities
 r - a potion of flight {unknown}
 t - a potion of degeneration {unknown}
Books
 d - a book of Changes

   Spells                             Type                      Level
   *Beastly Appendage                 Transmutation                1
   Sticks to Snakes                   Transmutation                2
   *Spider Form                       Transmutation/Poison         3
   Ice Form                           Ice/Transmutation            4
   Blade Hands                        Transmutation                5


   Skills:
 + Level 1.8 Fighting
 + Level 2.6 Dodging
 + Level 0.4 Stealth
 + Level 3.7 Unarmed Combat
 + Level 3.0 Spellcasting
 * Level 3.6 Transmutations


You had 6 spell levels left.
You knew the following spells:

 Your Spells              Type           Power        Failure   Level  Hunger
a - Beastly Appendage     Trmt           ##....       8%          1    #......
b - Spider Form           Trmt/Pois      #.........   34%         3    ####...


Dungeon Overview and Level Annotations

Branches:
Dungeon (3/15)

Altars:
Qazlal
Trog

Annotations:
D:3 Frenchkiss' ghost, average VSMo


Innate Abilities, Weirdness & Mutations

Your plain brown scales are hard (AC +5).
Your body does not fit into most forms of armour.
Your cold-blooded metabolism reacts poorly to cold.
You have a pair of horns on your head.


Message History

You hit the gnoll but do no damage.
Your tail-slap misses the gnoll.
Your punch misses the gnoll.
The gnoll is heavily wounded.
The gnoll closely misses you.
You closely miss the gnoll.
The gnoll is heavily wounded.
The gnoll hits you with a whip.
You barely miss the gnoll.
The gnoll is heavily wounded.
The gnoll hits you with a whip!
* * * LOW HITPOINT WARNING * * *
You barely miss the gnoll.
Your tail-slap misses the gnoll.
The gnoll is heavily wounded.
The gnoll hits you with a whip.
* * * LOW HITPOINT WARNING * * *
You closely miss the gnoll. You headbutt the gnoll!
Your tail-slap misses the gnoll.
The gnoll is almost dead.
The gnoll hits you with a whip!
You die...

# ##..........## ####(# #
############ ##..(.## #
#......# # ###......# # ######
##........# #
##....###.[#......# #
##......##.##......# #
#..................#
############...g@.....###)...##
....................### ##.###
############........# ##.#
....# #......).# ###..#
.##.###### #.......####...##
.##......###.#..........###
...#...<.....###..#######
##.#.........# #.##
.............###.#


You could see a gnoll.

Vanquished Creatures
  Ijyb (D:2)
  Jessica (D:2)
  5 gnolls
  An adder (D:3)
  A giant mite (D:2)
  A worm (D:1)
  4 giant geckos
  An ooze (D:3)
  4 orcs (D:3)
  5 bats
  4 giant cockroaches
  13 hobgoblins
  9 kobolds
  A quokka (D:2)
  3 ball pythons (D:1)
  9 giant newts (D:1)
  10 goblins
  7 rats (D:1)
80 creatures vanquished.

Notes
Turn   | Place    | Note
--------------------------------------------------------------
     0 | D:1      | Kex, the Draconian Transmuter, began the quest for the Orb.
     0 | D:1      | Reached XP level 1. HP: 16/16 MP: 3/3
   403 | D:1      | Reached XP level 2. HP: 20/23 MP: 2/4
   960 | D:1      | Reached XP level 3. HP: 17/28 MP: 4/6
  1939 | D:1      | Learned a level 3 spell: Spider Form
  2013 | D:2      | Reached XP level 4. HP: 31/35 MP: 6/8
  2022 | D:2      | Noticed Ijyb
  2037 | D:2      | Killed Ijyb
  2637 | D:2      | Noticed Jessica
  2648 | D:2      | Killed Jessica
  2648 | D:2      | Reached XP level 5. HP: 35/41 MP: 10/10
  3014 | D:3      | Found a stormy altar of Qazlal.
  3064 | D:3      | Noticed Frenchkiss' ghost (average VSMo)
  3473 | D:3      | Found a bloodstained altar of Trog.
  3525 | D:2      | Slain by a gnoll

Action                   |  1- 3 |  4- 6 || total
-------------------------+-------+-------++-------
Melee: Unarmed           |   189 |    81 ||   270
       Dagger            |       |    48 ||    48
 Cast: Beastly Appendage |    28 |    20 ||    48
       Spider Form       |       |     3 ||     3
  Use: Scroll            |     4 |     3 ||     7
  Eat: Chunk             |     4 |       ||     4
       Bread ration      |       |     1 ||     1
